 Dungeon Crawl Stone Soup version 0.29-a0-1047-g7c58e119a4 (webtiles) character file.

Game seed: 7190135617034504744

2831 ytrimaz the Martial Artist (level 9, -1/59 HPs)
             Began as a Demonspawn Transmuter on Aug 16, 2022.
             Slain by an unseen horror (7 damage)
             ... on level 7 of the Dungeon.
             The game lasted 00:07:30 (8127 turns).

ytrimaz the Martial Artist (Demonspawn Transmuter)  Turns: 8127, Time: 00:07:31

Health: -1/59      AC:  3    Str: 10    XL:     9   Next: 45%
Magic:  10/12      EV: 14    Int: 19    God:
Gold:   174        SH:  0    Dex: 14    Spells: 6/12 levels left

rFire   + . .      SeeInvis .     - Unarmed
rCold   . . .      Faith    .   (no shield)
rNeg    . . .      Spirit   .   a - +1 robe
rPois   .          Reflect  .   (helmet currently unavailable)
rElec   .          Harm     .   (no cloak)
rCorr   .          Rampage  .   (no gloves)
Will    .....                   (boots currently unavailable)
Stlth   +.........              (no amulet)
HPRegen 0.19/turn               e - ring of protection from fire
MPRegen 0.13/turn               k - +4 ring of slaying

@: appendages (expiring), wereblooded
A: horns 2, talons 2, repulsion field 1, ignite blood 2, powered by death 1,
weakness stinger 1
a: End Transformation


You were on level 7 of the Dungeon.
You had temporarily grown beastly horns and talons.
You visited 2 branches of the dungeon, and saw 8 of its levels.
You also visited: Sewer.

You collected 458 gold pieces.
You spent 284 gold pieces at shops.

Inventory:

Missiles
 l - a throwing net
Armour
 a - a +1 robe (worn)
 r - a +1 pair of boots (melded)
Jewellery
 e - a ring of protection from fire (left hand)
 k - a +4 ring of slaying (right hand)
 w - a +6 ring of intelligence
Wands
 b - a wand of mindburst (10)
 f - a wand of digging (2)
Scrolls
 d - a scroll of magic mapping
 h - 2 scrolls of blinking
 i - a scroll of immolation
 m - 2 scrolls of enchant armour
 n - a scroll of summoning
 o - a scroll of fog
 x - 2 scrolls of enchant weapon
Potions
 c - 3 potions of might
 g - 2 potions of magic
 j - a potion of mutation
 p - a potion of attraction
 q - a potion of berserk rage
 s - 2 potions of curing
 u - a potion of cancellation
 v - a potion of heal wounds {unknown}


   Skills:
 - Level 1.0 Fighting
 - Level 1.7 Dodging
 + Level 12.2 Unarmed Combat
 - Level 2.0 Spellcasting
 - Level 1.7 Transmutations


You had 6 spell levels left.
You knew the following spells:

 Your Spells              Type           Power      Damage    Failure   Level
a - Beastly Appendage     Tmut           16%        N/A       9%          1
b - Wereblood             Tmut           8%         N/A       12%         2
c - Spider Form           Tmut/Pois      5%         N/A       34%         3

Your spell library contained the following spells:

 Spells                   Type           Power      Damage    Failure   Level
 Sting                    Tmut/Pois      20%        1d4       12%         1
 Magic Dart               Conj           4%         1d3       17%         1
 Call Imp                 Summ           1%         N/A       26%         2
 Poisonous Vapours        Pois/Air       2%         N/A       26%         2
 Gell's Gravitas          Tloc           1%         N/A       45%         3
 Mephitic Cloud           Conj/Pois/Air  1%         N/A       45%         3
 Teleport Other           Tloc           1%         N/A       45%         3
 Ice Form                 Ice/Tmut       5%         N/A       75%         4
 Olgreb's Toxic Radiance  Pois           1%         N/A       86%         4
 Dispersal                Tloc           0%         N/A       100%        6


Dungeon Overview and Level Annotations

Branches:
Dungeon (7/15)             Temple (1/1) D:6           Sewer (visited)

Altars:
Ashenzari
Cheibriados
Dithmenos
Hepliaklqana
Kikubaaqudgha
Makhleb
Nemelex Xobeh
Okawaru
Qazlal
Ru
Sif Muna
Trog
Uskayaw
Vehumet
Wu Jian
Xom

Shops:
D:4 *   D:6 [


Innate Abilities, Weirdness & Mutations

You have temporarily grown beastly horns and talons.
You are surrounded by a mild repulsion field. (EV +2)
Your demonic aura often causes spilled blood to erupt in flames.
You regenerate a little health from kills.
You have a small tail.


Message History

* * * LOW HITPOINT WARNING * * *
The centaur misses you. The centaur barely misses you.
Unknown command.
You punch the centaur! You claw the centaur.
You headbutt the centaur, but do no damage.
You punch the centaur.
You feel a bit better.
You kill the centaur!
Something hits you but does no damage. The bullfrog closely misses you.
The jelly misses you.
You are too injured to fight recklessly!
Something hits you!
* * * LOW HITPOINT WARNING * * *
The bullfrog swells and bulges.
The bullfrog closely misses you. The jelly hits you but does no damage.
Things that are here:
a +0 shortbow; a centaur corpse Unknown command.
You hit the jelly.
Your hands burn!
* * * LOW HITPOINT WARNING * * *
You headbutt the jelly.
The jelly is heavily wounded.
The bullfrog misses you. The scorpion stings you.
* * * LOW HITPOINT WARNING * * *
Something hits you.
* * * LOW HITPOINT WARNING * * *
You feel better.
Your transformation is almost over.
Something hits you.
* * * LOW HITPOINT WARNING * * *
The bullfrog hits you.
* * * LOW HITPOINT WARNING * * *
The scorpion closely misses you. The jelly closely misses you.
The bullfrog hits you but does no damage.
Blink to where?
Press: ? - help, Dir - move target
As you read the scroll of blinking, it crumbles to dust.
Unknown command.
Something hits you but does no damage. Something hits you!
You die...

#########..#.....#.......# #.
.................#.......# #.
###########......#.......# #.
#..#...#..#......# #.
#.)#)..#))#......# #.
##†#...##'#......########## ####'
...##'##.......))#........###....
.............###))).......'.'..(.
.............# #@)).......###....
##'#..#)##...###.)######### #....
.))#..#..#....##..# #....
..)#..#..#..#'##..###### ######
####..####......[......# .... #
.................##J...# ..... #
###.###..###.....##...F#..##.# #
#..............##...)'..#.#. +
####...........##....'.$.#.# +


You could see a jelly.

Vanquished Creatures
  2 water moccasins
  An ice beast (D:7)
  3 ogres
  4 centaurs
  2 phantoms (D:5)
  A kobold brigand (D:7)
  3 bullfrogs
  3 scorpions
  A gnoll sergeant (D:7)
  5 wights (D:6)
  3 howler monkeys (D:6)
  3 jellies (D:6)
  A gnoll bouda (D:7)
  2 hounds (D:5)
  2 orc priests
  5 iguanas
  8 orc wizards
  16 gnolls
  10 adders
  An ufetubus (D:3)
  2 worms
  2 dart slugs
  21 orcs
  7 endoplasms
  3 giant cockroaches
  15 goblins
  10 hobgoblins
  4 jackals
  12 kobolds
  5 quokkas
  6 ball pythons
  2 bats (D:2)
  5 frilled lizards
  3 rats
173 creatures vanquished.

Notes
Turn   | Place    | Note
-------+----------+-------------------------------------------
     0 | D:1      | ytrimaz the Demonspawn Transmuter began the quest for the
                  | Orb.
     0 | D:1      | Reached XP level 1. HP: 15/15 MP: 3/3
    75 | D:1      | Reached skill level 3 in Unarmed Combat
   111 | D:1      | Gained mutation: Your demonic aura sometimes causes spilled
                  | blood to erupt in flames. [demonic ancestry]
   111 | D:1      | Reached XP level 2. HP: 7/21 MP: 5/5
   139 | D:1      | HP: 1/21 [gnoll/+0 whip (4)]
   833 | D:1      | Gained mutation: You are surrounded by a mild repulsion
                  | field. (EV +2) [demonic ancestry]
   833 | D:1      | Reached XP level 3. HP: 22/26 MP: 6/6
  1267 | D:2      | Reached skill level 4 in Unarmed Combat
  1389 | D:2      | Found a faded altar of an unknown god.
  2029 | D:2      | Learned a level 2 spell: Wereblood
  2033 | D:2      | Learned a level 3 spell: Spider Form
  2466 | D:3      | Reached XP level 4. HP: 20/32 MP: 5/7
  3132 | D:3      | Reached skill level 5 in Unarmed Combat
  3252 | D:4      | Noticed a centaur
  3258 | D:4      | Killed a centaur
  3259 | D:4      | Reached XP level 5. HP: 12/37 MP: 6/8
  3584 | D:4      | Noticed an ogre
  3590 | D:4      | Killed an ogre
  3591 | D:4      | Reached skill level 6 in Unarmed Combat
  3591 | D:4      | Gained mutation: You regenerate a little health from kills.
                  | [demonic ancestry]
  3591 | D:4      | Reached XP level 6. HP: 43/43 MP: 7/9
  3631 | D:4      | Found a sacrificial altar of Ru.
  3734 | D:4      | Found Qaobur's General Store.
  3742 | D:4      | Bought a scroll of identify for 20 gold pieces
  3742 | D:4      | Bought a scroll of enchant armour for 75 gold pieces
  4050 | D:4      | Reached skill level 7 in Unarmed Combat
  4512 | D:5      | Entered Level 5 of the Dungeon
  4521 | D:5      | Gained mutation: You have a small tail. [demonic ancestry]
  4521 | D:5      | Reached XP level 7. HP: 48/48 MP: 6/10
  4601 | D:5      | Found a broken altar of Ashenzari.
  4619 | D:5      | Reached skill level 8 in Unarmed Combat
  4747 | D:5      | Identified the +1 flail of Ignis, Wizarding {holy, rElec
                  | rC+ Str-5 Dex+5}
  5102 | D:5      | Reached skill level 9 in Unarmed Combat
  5102 | D:5      | Gained mutation: Your demonic aura often causes spilled
                  | blood to erupt in flames. [demonic ancestry]
  5102 | D:5      | Reached XP level 8. HP: 48/54 MP: 9/11
  5166 | D:5      | Found a glowing drain.
  5182 | Sewer    | Entered a sewer
  5736 | D:6      | Reached skill level 10 in Unarmed Combat
  5788 | D:6      | Found a staircase to the Ecumenical Temple.
  5902 | D:6      | Found an iron altar of Okawaru.
  6384 | D:6      | Reached skill level 11 in Unarmed Combat
  6803 | D:6      | Reached XP level 9. HP: 35/58 MP: 10/12
  6924 | D:6      | Found a sparkling altar of Nemelex Xobeh.
  7064 | D:6      | Found Yhaomoox's Antique Armour Boutique.
  7072 | D:6      | Bought a warped ring mail for 189 gold pieces
  7072 | D:6      | Identified the +1 ring mail "Ziwes" {Str+2} (You bought it
                  | in a shop on level 6 of the Dungeon)
  7203 | Temple   | Entered the Ecumenical Temple
  7548 | D:7      | Found an ornate altar of the Wu Jian Council.
  7613 | D:7      | Found a hazy altar of Hepliaklqana.
  7617 | D:7      | Reached skill level 12 in Unarmed Combat
  8123 | D:7      | HP: 1/59 [something (4)]
  8127 | D:7      | Slain by an unseen horror

Illustrated notes

Levels and vault maps discovered:
D:1:      lemuel_arrival_muddy, layout_basic, minmay_misc_feat_tiny
D:2:      layout_basic, ebering_ecumenical_altar_webs
D:3:      layout_rooms
D:4:      layout_loops_cross, nicolae_ru_great_annihilating_truth, serial_shops,
          shop
D:5:      layout_loops_ring, cheibrodos_ashenzari_chains, portal_sewer_entry_f
D:6:      layout_cave_pods, nemelex_xobeh_ov_fountains_minmay,
          mainiacjoe_overflow_paths, minmay_temple_entry_hall, serial_shops,
          shop_fountains
D:7:      corexii_shack_village, layout_basic, nzn_wu_jian_contemplation,
          lemuel_coloured_pillars_altar, grunt_ministairs_9,
          kennysheep_generic_room_4
Temple:   nicolae_temple_no_exploring_needed

Skill      XL: |  1  2  3  4  5  6  7  8  9 |
---------------+----------------------------+-----
Unarmed Combat | 3 4 5 6 7 9 11 12 | 12.2
Fighting       | |  1.0
Dodging        | |  1.7
Spellcasting   | |  2.0
Transmutations | |  1.7

Action                   |  1- 3 |  4- 6 |  7- 9 || total
-------------------------+-------+-------+-------++-------
Melee: Unarmed           |    99 |    91 |   191 ||   381
       Punch             |     3 |     2 |    10 ||    15
       Headbutt          |     5 |     8 |    22 ||    35
       Kick              |     4 |    11 |    39 ||    54
       Tailslap          |       |       |    32 ||    32
 Cast: Beastly Appendage |     9 |    16 |    33 ||    58
       Wereblood         |       |     3 |     6 ||     9
  Use: Scroll            |     9 |     5 |     5 ||    19
       Potion            |       |     1 |     2 ||     3
 Stab: Sleeping          |     1 |       |     2 ||     3
       Paralysed         |       |     1 |       ||     1
Armor: Robe              |    14 |    11 |    36 ||    61
       Skin              |       |     3 |       ||     3
Dodge: Dodged            |    53 |    60 |   137 ||   250

Table legend: (Time is in decaauts)
 A = Elapsed time spent in this place.
 B = Non-inter-level travel time spent in this place.
 C = Inter-level travel time spent in this place.
 D = Time resting spent in this place.
 E = Time spent auto-exploring this place.
 F = Levels seen in this place.
 G = Mean time per level.
                   A        B        C        D        E       F      G
               +--------+--------+--------+--------+--------+-----+--------+
         Total |   8102 |   7932 |    170 |    892 |   5776 |   9 |  900.2 |
       Dungeon |   7971 |   7801 |    170 |    892 |   5688 |   7 | 1138.7 |
        Temple |      1 |      1 |      0 |      0 |      0 |   1 |    1.0 |
         Sewer |    129 |    129 |      0 |      0 |     88 |   1 |  129.0 |
               +--------+--------+--------+--------+--------+-----+--------+

Top non-repeatable levels by time:
     D:6: 1525 daAuts
     D:2: 1418 daAuts
     D:3: 1117 daAuts
     D:5: 1063 daAuts
     D:1: 996 daAuts
     D:4: 963 daAuts
     D:7: 886 daAuts
   Sewer: 129 daAuts
  Temple: 1 daAuts
